 Dungeon Sprint DCSS version 0.27-a0-1245-g940ed4fa31 (webtiles) character file.

Game seed: 13769954786425436376

16 mhtbhm the Scratcher (level 2, -1/12 HPs)
             Began as a Felid Transmuter on June 9, 2021.
             Slain by a centaur (3 damage)
             ... in the Dungeon (Sprint IX: "|||||||||||||||||||||||||||||").
             The game lasted 00:00:32 (450 turns).

mhtbhm the Scratcher (Felid Transmuter)              Turns: 450, Time: 00:00:33

Health: -1/12      AC:  1    Str:  6    XL:     2   Next: 41%
Magic:  4/6        EV: 18    Int: 14    God:
Gold:   0          SH:  0    Dex: 16    Spells: 3/6 levels left
                                        Lives:  0   Deaths: 0

rFire    . . .     SeeInvis +     - Unarmed
rCold    . . .     Faith    .   (shield unavailable)
rNeg     . . .     Spirit   .   (armour unavailable)
rPois    .         Reflect  .   (helmet unavailable)
rElec    .         Harm     .   (cloak unavailable)
rCorr    .         Rampage  .   (gloves unavailable)
Will     .....     NoTele   +   (boots unavailable)
Stlth    +.........             (no amulet)
HPRegen  0.04/turn              (no ring)
MPRegen  0.10/turn              (no ring)

@: appendages (expiring), wereblooded (expiring), quick
A: horns 2, very small, claws 1, fangs 3, see invisible, speed 1, shaggy fur 1,
stealthy paws, no weapons or thrown items, no armour, multi-lived
a: End Transformation


You were in the Dungeon.
You had temporarily grown beastly horns.
You visited 1 branch

Inventory:

Scrolls
 g - a scroll of blinking
Potions
 d - a potion of haste
 e - 2 potions of magic
 f - a potion of berserk rage


   Skills:
 + Level 1.0 Fighting
 + Level 4.0 Dodging
 + Level 4.1 Unarmed Combat
 + Level 2.7 Spellcasting
 + Level 3.5 Transmutations


You had 3 spell levels left.
You knew the following spells:

 Your Spells              Type           Power      Damage    Failure   Level
a - Beastly Appendage     Tmut           22%        N/A       5%          1
b - Wereblood             Tmut           11%        N/A       8%          2

Your spell library contained the following spells:

 Spells                   Type           Power      Damage    Failure   Level
 Spider Form              Tmut/Pois      3%         N/A       32%         3
 Ice Form                 Ice/Tmut       6%         N/A       71%         4


Dungeon Overview and Level Annotations

Branches:
Dungeon (1/1)

Altars:


Innate Abilities, Weirdness & Mutations

You have temporarily grown beastly horns.
You have sharp claws.
You have razor-sharp teeth.
You have supernaturally acute eyesight. (SInv)
You cover ground quickly. (Speed+)
You are covered in fur. (AC +1)
Your paws help you pounce on unaware monsters.
You are incapable of wielding weapons or throwing items.
You cannot wear armour.
You gain extra lives every three experience levels.


Message History

The centaur is severely wounded.
The centaur closely misses you.
The centaur kicks you but does no damage.
You barely miss the centaur. You bite the centaur, but do no damage.
The centaur is severely wounded.
The centaur hits you.
Ouch! That really hurt!
* * * LOW HITPOINT WARNING * * *
The centaur closely misses you.
You closely miss the centaur.
The centaur is severely wounded.
The centaur misses you. The centaur closely misses you.
The centaur barely misses you. The centaur closely misses you.
Unknown command.
Casting: Wereblood (safe; 8% risk of failure)
Confirm with . or Enter, or press ? or * to list all spells.
Okay, then.
You feel better. The centaur misses you. x2
You scratch the centaur.
The centaur is severely wounded.
You howl as the wereblood boils in your veins!
The centaur closely misses you. The centaur misses you.
The centaur barely misses you. x2
You barely miss the centaur. You bite the centaur, but do no damage.
The centaur is severely wounded.
Your primal bloodlust is almost over.
The centaur hits you. The centaur closely misses you.
Unknown command.
Casting: Wereblood (safe; 8% risk of failure)
Confirm with . or Enter, or press ? or * to list all spells.
You grow a pair of large bovine horns.
The centaur barely misses you. x2
The centaur hits you.
Ouch! That really hurt!
* * * LOW HITPOINT WARNING * * *
The centaur completely misses you.
You scratch the centaur. You bite the centaur.
The centaur is almost dead.
Your transformation is almost over.
The centaur hits you.
You die... ▓▓▓▓▓▓▓▓▓▓▓▓▓▓▓▓▓▓ +..Z5Sc@....)...<▓ ▓▓▓▓▓▓▓▓▓▓▓▓▓▓▓▓▓▓

You could see a centaur, an adder, an ufetubus and a jackal zombie.

Vanquished Creatures
  A shadow imp (D)
  A dart slug (D)
  2 giant cockroaches (D)
  A goblin (D)
  A hobgoblin (D)
6 creatures vanquished.

Notes
Turn   | Place    | Note
-------+----------+-------------------------------------------
     0 | D        | mhtbhm the Felid Transmuter began the quest for the Orb.
     0 | D        | Reached XP level 1. HP: 9/9 MP: 4/4
    17 | D        | Reached XP level 2. HP: 3/12 MP: 4/6
   422 | D        | Learned a level 2 spell: Wereblood
   428 | D        | Noticed a centaur
   450 | D        | Slain by a centaur

Illustrated notes

Levels and vault maps discovered:
D:        linesprint [early_d, line_temple, items_1, d_10, items_2, lair_1,
          lair_end, items_3, orc_1, orc_end, items_4, d_15, swamp_1, shoals_1,
          snake_1, spider_1, d_20, vaults_1, items_5, swamp_end, shoals_end,
          snake_end, spider_end, vaults_end, d_27, items_6, zot_1, zot_end,
          crypt_end, forest_end, elf_end, slime_end, tomb_end, abyss_end,
          pan_hell_end]

Skill      XL: |  1  2 |
---------------+-------+-----
Transmutations | 3 |  3.5
Dodging        | 3 4 |  4.0
Unarmed Combat | 4 |  4.1
Fighting       | |  1.0
Spellcasting   | |  2.7

Action                   || total
-------------------------++-------
Melee: Unarmed           ||    30
       Bite              ||     5
       Headbutt          ||     2
 Cast: Beastly Appendage ||     3
       Wereblood         ||     1
  Use: Potion            ||     2
Armor: Skin              ||     1
Dodge: Dodged            ||    38

Table legend: (Time is in decaauts)
 A = Elapsed time spent in this place.
 B = Non-inter-level travel time spent in this place.
 C = Inter-level travel time spent in this place.
 D = Time resting spent in this place.
 E = Time spent auto-exploring this place.
 F = Levels seen in this place.
 G = Mean time per level.
                   A        B        C        D        E       F      G
               +--------+--------+--------+--------+--------+-----+--------+
         Total |    446 |    446 |      0 |    401 |      2 |   1 |  446.0 |
       Dungeon |    446 |    446 |      0 |    401 |      2 |   1 |  446.0 |
               +--------+--------+--------+--------+--------+-----+--------+

Top non-repeatable levels by time:
       D: 446 daAuts
